 Dungeon Sprint DCSS version 0.29-a0-284-gf9362112df (webtiles) character file.

Game seed: 11943414157891777424

25 mhtbhm the Vandal (level 2, -10/26 HPs)
             Began as a Minotaur Hunter on Mar 21, 2022.
             Mangled by a water elemental (14 damage)
             ... in the Dungeon (Sprint III: "The Ten Rune Challenge").
             The game lasted 00:01:36 (502 turns).

mhtbhm the Vandal (Minotaur Hunter)                  Turns: 502, Time: 00:01:37

Health: -10/26     AC:  4    Str: 15    XL:     2   Next: 86%
Magic:  1/1        EV: 12    Int:  6    God:
Gold:   27         SH:  0    Dex: 13    Spells: 1/1 levels left

rFire   . . .      SeeInvis .   a - +1 hunting sling
rCold   . . .      Faith    .   (no shield)
rNeg    . . .      Spirit   .   b - +0 leather armour
rPois   .          Reflect  .   (helmet unavailable)
rElec   .          Harm     .   (no cloak)
rCorr   .          Rampage  .   j - +0 pair of gloves
Will    .....      NoTele   +   (no boots)
Stlth   +.........              (no amulet)
HPRegen 0.08/turn               (no ring)
MPRegen 0.07/turn               (no ring)

@: hasted, very quick
A: horns 3, retaliatory headbutt
a: no special abilities


You were in the Dungeon.
You visited 1 branch You collected 27 gold pieces.

Inventory:

Hand Weapons
 a - a +1 hunting sling (weapon)
Armour
 b - a +0 leather armour (worn)
 j - a +0 pair of gloves (worn)
Scrolls
 c - a scroll of immolation
 d - 2 scrolls of torment {unknown}
 e - 3 scrolls of identify
 i - a scroll of blinking
Potions
 g - 2 potions of magic
 h - 2 potions of flight
 k - a potion of brilliance {unknown}
 l - 3 potions of mutation


   Skills:
 + Level 3.4 Fighting
 + Level 7.1 Slings
 + Level 1.1 Armour
 + Level 2.5 Dodging
 + Level 0.7 Stealth


You had one spell level left.
You didn't know any spells.
Your spell library was empty.

Dungeon Overview and Level Annotations

Branches:
Dungeon (1/1)

Altars:


Innate Abilities, Weirdness & Mutations

You have a pair of large horns on your head.
You reflexively headbutt those who attack you in melee.


Message History

Press: ? - help, Q - select action Shift-Dir - straight line, f/p - water elemental
Aim: a water elemental (moderately damaged, 71% to hit)
You shoot a sling bullet.
The sling bullet hits the water elemental!
The water elemental is heavily damaged.
Fire: a) +1 hunting sling
Press: ? - help, Q - select action Shift-Dir - straight line, f/p - water elemental
Aim: a water elemental (heavily damaged, 71% to hit)
You shoot a sling bullet.
The sling bullet hits the water elemental.
The water elemental is heavily damaged.
Fire: a) +1 hunting sling
Press: ? - help, Q - select action Shift-Dir - straight line, f/p - water elemental
Aim: a water elemental (heavily damaged, 71% to hit)
You shoot a sling bullet.
The sling bullet hits the water elemental but does no damage.
The water elemental is heavily damaged.
Fire: a) +1 hunting sling
Press: ? - help, Q - select action Shift-Dir - straight line, f/p - water elemental
Aim: a water elemental (heavily damaged, 71% to hit)
You shoot a sling bullet.
The sling bullet hits the water elemental.
The water elemental is severely damaged.
Fire: a) +1 hunting sling
Press: ? - help, Q - select action Shift-Dir - straight line, f/p - water elemental
Aim: a water elemental (severely damaged, 71% to hit)
You shoot a sling bullet.
The sling bullet hits the water elemental.
The water elemental is severely damaged.
Unknown command.
There is an open door here.
Fire: a) +1 hunting sling
Press: ? - help, Q - select action Shift-Dir - straight line, f/p - water elemental
Aim: a water elemental (severely damaged, 71% to hit)
You shoot a sling bullet.
The sling bullet hits the water elemental but does no damage.
The water elemental is severely damaged.
The water elemental hits you!
Ouch! That really hurt!
You die...

▓<.#..'...♣.♣♣ ♣.#
▓..#..#......♣ ♣.#
▓#'####......♣ ♣.#
▓.....#....≈.♣ ♣.##
▓....†#...≈≈.♣♣ ♣.#.
▓.....#..≈≈≈≈.♣♣♣.'.
▓####'#..≈≈≈≈≈≈.♣.#.
▓.....#.≈≈≈≈≈≈....#
▓..@..#.≈≈≈≈≈.....#
▓.E...#.≈≈≈.......#
▓'#####...........#
▓.................#
▓▓▓▓▓▓▓▓▓▓▓▓▓▓▓▓▓▓▓


You could see a water elemental.

Vanquished Creatures
  A human (D)
  A phantom (D)
  4 rats (D)
6 creatures vanquished.

Notes
Turn   | Place    | Note
-------+----------+-------------------------------------------
     0 | D        | mhtbhm the Minotaur Hunter began the quest for the Orb.
     0 | D        | Reached XP level 1. HP: 18/18 MP: 0/0
    17 | D        | Reached skill level 5 in Slings
    61 | D        | HP: 1/27 [human (4)]
    63 | D        | Reached skill level 6 in Slings
    63 | D        | Reached skill level 1 in Armour
    63 | D        | Reached XP level 2. HP: 2/26 MP: 1/1
   366 | D        | Reached skill level 7 in Slings
   466 | D        | Gained mutation: You are weak. (Str -2) [potion of
                  | mutation]
   466 | D        | Gained mutation: Your spells are a little harder to cast,
                  | but a little more powerful. [potion of mutation]
   466 | D        | Gained mutation: Your system is resistant to poisons.
                  | (rPois) [potion of mutation]
   467 | D        | Lost mutation: Your spells are a little harder to cast, but
                  | a little more powerful. [potion of mutation]
   467 | D        | Lost mutation: You are weak. (Str -2) [potion of mutation]
   467 | D        | Gained mutation: You sometimes lose the ability to read
                  | scrolls when taking damage. [potion of mutation]
   467 | D        | Gained mutation: You have sharp toenails. [potion of
                  | mutation]
   468 | D        | Lost mutation: You have sharp toenails. [potion of
                  | mutation]
   468 | D        | Lost mutation: You sometimes lose the ability to read
                  | scrolls when taking damage. [potion of mutation]
   468 | D        | Lost mutation: Your system is resistant to poisons. (rPois)
                  | [potion of mutation]
   468 | D        | Gained mutation: You have a pair of large horns on your
                  | head. [potion of mutation]
   473 | D        | Noticed a water elemental
   502 | D        | Mangled by a water elemental

Illustrated notes

Levels and vault maps discovered:
D:        dungeon_sprint_mu [sprint_mu_entry_forest, sprint_mu_temple_rooms,
          sprint_mu_d1_horrors, sprint_mu_d2_genie, sprint_mu_d3_branching,
          sprint_mu_orc_legion, sprint_mu_elf_gauntlet, sprint_mu_hive_nellie,
          sprint_mu_lair_fedhas, sprint_mu_vaults_butterflies,
          sprint_mu_slime_circle, sprint_mu_shoals_archi,
          sprint_mu_snake_twists, sprint_mu_blade_basic, sprint_mu_crypt_lich,
          sprint_mu_tomb_spiral, sprint_mu_vestibule_basic,
          sprint_mu_gehenna_hellfire, sprint_mu_dis_giant,
          sprint_mu_tartarus_statrot, sprint_mu_cocytus_islands, sprint_mu_zot1]

Skill      XL: |  1  2 |
---------------+-------+-----
Slings         | 6 7 |  7.1
Fighting       | 3 |  3.4
Armour         | 1 |  1.1
Dodging        | |  2.5
Stealth        | |  0.7

Action                   || total
-------------------------++-------
Melee: Unarmed           ||     3
       Headbutt          ||     3
 Fire: Hunting sling     ||    36
  Use: Potion            ||     7
Armor: Leather armour    ||     4
Dodge: Dodged            ||     6

Table legend: (Time is in decaauts)
 A = Elapsed time spent in this place.
 B = Non-inter-level travel time spent in this place.
 C = Inter-level travel time spent in this place.
 D = Time resting spent in this place.
 E = Time spent auto-exploring this place.
 F = Levels seen in this place.
 G = Mean time per level.
                   A        B        C        D        E       F      G
               +--------+--------+--------+--------+--------+-----+--------+
         Total |    519 |    519 |      0 |    347 |      1 |   1 |  519.0 |
       Dungeon |    519 |    519 |      0 |    347 |      1 |   1 |  519.0 |
               +--------+--------+--------+--------+--------+-----+--------+

Top non-repeatable levels by time:
       D: 519 daAuts
